 Dungeon Crawl Stone Soup version 0.29-a0-322-g68df515428 (webtiles) character file.

Game seed: 5048432703112712821

37 croobank the Firebug (level 3, -2/27 HPs)
             Began as a Draconian Fire Elementalist on Apr 7, 2022.
             Slain by a worm (8 damage)
             ... on level 1 of the Dungeon.
             The game lasted 00:03:58 (1457 turns).

croobank the Firebug (Draconian Fire Elementalist)  Turns: 1457, Time: 00:03:58

Health: -2/27      AC:  5    Str: 10    XL:     3   Next: 21%
Magic:  0/6        EV: 12    Int: 17    God:
Gold:   41         SH:  0    Dex: 11    Spells: 3/6 levels left

rFire   . . .      SeeInvis .   g - +4 dagger (holy)
rCold   . . .      Faith    .   (no shield)
rNeg    . . .      Spirit   .   (body armour unavailable)
rPois   .          Reflect  .   (helmet restricted)
rElec   .          Harm     .   (no cloak)
rCorr   .          Rampage  .   (no gloves)
Will    .....                   (no boots)
Stlth   ++........              (no amulet)
HPRegen 0.09/turn               (no ring)
MPRegen 0.10/turn               (no ring)

@: very slightly contaminated
A: AC +5, unfitting armour, cold-blooded
a: no special abilities


You were on level 1 of the Dungeon.
You visited 1 branch of the dungeon, and saw 3 of its levels.

You collected 41 gold pieces.

Inventory:

Hand Weapons
 d - a +0 spear
 f - a +0 hand axe
 g - a +4 dagger of holy wrath (weapon)
Missiles
 b - 72 stones
Magical Staves
 j - a staff of poison
Jewellery
 k - a ring of see invisible
Scrolls
 e - 3 scrolls of teleportation {unknown}
 h - a scroll of identify {unknown}
 i - a scroll of summoning {unknown}
Potions
 a - a potion of magic
 c - a potion of heal wounds {unknown}


   Skills:
 + Level 0.4 Fighting
 + Level 2.1 Dodging
 + Level 2.2 Stealth
 + Level 2.3 Spellcasting
 + Level 1.5 Conjurations
 + Level 3.2 Fire Magic


You had 3 spell levels left.
You knew the following spells:

 Your Spells              Type           Power      Damage    Failure   Level
a - Foxfire               Conj/Fire      40%        2x1d6     7%          1
b - Scorch                Fire           26%        2d6       8%          2

Your spell library contained the following spells:

 Spells                   Type           Power      Damage    Failure   Level
 Conjure Flame            Conj/Fire      10%        6-21      21%         3
 Inner Flame              Hex/Fire       7%         N/A       28%         3
 Flame Wave               Conj/Fire      10%        2d5       56%         4


Dungeon Overview and Level Annotations

Branches:
Dungeon (3/15)

Altars:

Shops:
D:1 ?*!=

Annotations:
D:2 Robin


Innate Abilities, Weirdness & Mutations

Your plain brown scales are hard. (AC +5)
You cannot fit into any form of body armour.
You are cold-blooded and may be slowed by cold attacks.


Message History

Things that are here:
a +0 club; a goblin corpse You start resting.
Your foxfire dissipates! x2
You start resting.
Magic restored.
You start resting.
HP restored.
There is a stone staircase leading down, spattered with blood here.
Okay, then.
You climb downwards.
Level annotation: Robin Robin roars a battlecry!
The goblins go into a battle-frenzy!
The hobgoblin hits you with a +0 club! The worm closely misses you.
There is a stone staircase leading up, spattered with blood here.
The goblin hits you with a +0 club. The hobgoblin misses you.
You climb upwards.
There is a stone staircase leading down, spattered with blood here.
Casting: Foxfire (safe; 7% risk of failure)
Confirm with . or Enter, or press ? or * to list all spells.
Flames lash the goblin.
You kill the goblin!
The worm closely misses you. The hobgoblin closely misses you.
Casting: Scorch (safe; 8% risk of failure)
Confirm with . or Enter, or press ? or * to list all spells.
Flames lash the worm.
The worm is moderately wounded.
The worm's fire resistance burns away.
The hobgoblin barely misses you.
Casting: Scorch (safe; 8% risk of failure)
Confirm with . or Enter, or press ? or * to list all spells.
You miscast Scorch.
You are very lightly contaminated with residual magic.
Nothing appears to happen.
The worm closely misses you. The hobgoblin hits you with a +0 club.
You closely miss the hobgoblin.
Your tail-slap misses the hobgoblin.
The hobgoblin hits you with a +0 club!
* * * LOW HITPOINT WARNING * * *
The worm bites you!
You die...

#....#....####...♣^..
#....#.#.............
#....#.#######...#...
#...>#..............#
#....#########...####
#....# #...#
#....#########...###
#...)..............#
#...@).............##
#...gw.............##
####.############.##.
#..........# #.#..
##########.# #.#..
#######.....#.# #.#..
#.............###.##.
#.#.....###.#......##
#.#.###.........##..#


You could see a worm (combustible) and a hobgoblin (strong).

Vanquished Creatures
  An adder (D:2)
  3 endoplasms (D:1)
  4 goblins (D:1)
  3 hobgoblins (D:1)
  3 kobolds (D:1)
  A quokka (D:1)
  A ball python (D:1)
  5 bats (D:1)
  3 frilled lizards
  4 rats (D:1)
28 creatures vanquished.

Vanquished Creatures (others)
  27 foxfires
27 creatures vanquished.

Grand Total: 55 creatures vanquished

Notes
Turn   | Place    | Note
-------+----------+-------------------------------------------
     0 | D:1      | croobank the Draconian Fire Elementalist began the quest
                  | for the Orb.
     0 | D:1      | Reached XP level 1. HP: 14/14 MP: 3/3
    98 | D:1      | Found Yhellewe's Distillery.
   141 | D:1      | Found a faded altar of an unknown god.
   202 | D:1      | Found Tuciewn's Magic Scroll Emporium.
   409 | D:1      | Reached XP level 2. HP: 20/20 MP: 5/5
   435 | D:1      | Found Qeuplifo's Assorted Antiques.
   439 | D:1      | Learned a level 2 spell: Scorch
  1154 | D:1      | Found Reacuh's Jewellery Emporium.
  1295 | D:2      | You fall into a shaft and drop 1 floor!
  1354 | D:2      | Reached XP level 3. HP: 26/26 MP: 1/6
  1359 | D:2      | Noticed Robin
  1457 | D:1      | Slain by a worm

Illustrated notes

Levels and vault maps discovered:
D:1:      dpeg_arrival_water_temple_mockup, layout_basic,
          chequers_ecumenical_altar_simple, serial_shops, shop,
          nicolae_shop_stone, nicolae_shop_temple_entry_statues_fountains,
          nicolae_shop_advertising_works [nicolae_subvault_shop_adworks],
          minmay_ruptured
D:2:      layout_loops_ring, serial_shops, nicolae_shop_trees,
          grunt_decor_one_mirror, uniq_robin, uniq_crazy_yiuf_cottage
D:3:      layout_basic, ebering_ghost_reflecting_pool

Skill      XL: |  1  2 |
---------------+-------+-----
Stealth        | 2 |  2.2
Dodging        | 2 |  2.1
Fighting       | |  0.4
Spellcasting   | |  2.3
Conjurations   | |  1.5
Fire Magic     | |  3.2

Action                   || total
-------------------------++-------
Melee: Spear             ||    28
       Unarmed           ||     4
       Punch             ||     1
       Dagger            ||    13
       Tailslap          ||     3
 Cast: Foxfire           ||    18
       Scorch            ||     5
 Stab: Sleeping          ||     1
Armor: Skin              ||    30
Dodge: Dodged            ||    45

Table legend: (Time is in decaauts)
 A = Elapsed time spent in this place.
 B = Non-inter-level travel time spent in this place.
 C = Inter-level travel time spent in this place.
 D = Time resting spent in this place.
 E = Time spent auto-exploring this place.
 F = Levels seen in this place.
 G = Mean time per level.
                   A        B        C        D        E       F      G
               +--------+--------+--------+--------+--------+-----+--------+
         Total |   1460 |   1430 |     30 |    124 |   1049 |   3 |  486.7 |
       Dungeon |   1460 |   1430 |     30 |    124 |   1049 |   3 |  486.7 |
               +--------+--------+--------+--------+--------+-----+--------+

Top non-repeatable levels by time:
     D:1: 1381 daAuts
     D:3: 46 daAuts
     D:2: 31 daAuts
